 Dungeon Crawl Stone Soup version 0.19.5 (webtiles) character file.

33 dittoslash the Charlatan (level 3, -2/18 HPs)
             Began as a Spriggan Artificer on Apr 18, 2017.
             Killed from afar by Natasha (9 damage)
             ... with a magic dart
             ... on level 2 of the Dungeon.
             The game lasted 00:07:53 (1393 turns).

dittoslash the Charlatan (Spriggan Artificer)       Turns: 1393, Time: 00:07:58

Health: -2/18      AC:  2    Str:  8    XL:     3   Next: 12%
Magic:  7/7        EV: 19    Int: 13    God:
Gold:   57         SH:  0    Dex: 16    Spells: 0 memorised, 2 levels left

rFire  . . .     SeeInvis +     k - +0 spear
rCold  . . .     Gourm    .     b - +0 robe
rNeg   . . .     Faith    .     (shield restricted)
rPois  .         Spirit   .     (helmet restricted)
rElec  .         Reflect  .     (no cloak)
rCorr  +         Harm     .     (gloves unavailable)
MR     .....                    (boots unavailable)
Stlth  ++........               (no amulet)
                                j - ring of resist corrosion
                                i - ring of flight

@: slowed, quick
A: unfitting armour, see invisible, herbivore 3, speed 3, slow metabolism 2
a: Evoke Flight


You were on level 2 of the Dungeon.
You were not hungry.

You visited 1 branch of the dungeon, and saw 2 of its levels.

You collected 57 gold pieces.

Inventory:

Hand Weapons
 a - a +0 short sword
 k - a +0 spear (weapon)
Armour
 b - a +0 robe (worn)
Jewellery
 i - a ring of flight (left hand)
 j - a ring of resist corrosion (right hand)
Wands
 c - a wand of flame (7/48)
 d - a wand of enslavement (12/24)
 e - a wand of random effects (15/48)
Scrolls
 h - a scroll of remove curse
Comestibles
 f - 2 bread rations


   Skills:
 + Level 1.0 Fighting
 + Level 1.2 Short Blades
 + Level 3.4 Dodging
 + Level 2.0 Stealth
 + Level 5.1 Evocations


You had 2 spell levels left.
You didn't know any spells.

Dungeon Overview and Level Annotations

Branches:
Dungeon (2/15)

Altars:

Annotations:
D:2 Natasha


Innate Abilities, Weirdness & Mutations

You are very small and have problems with some larger weapons.
You are too small for most types of armour.
You have supernaturally acute eyesight. (SInv)
You are a herbivore.
You cover ground extremely quickly.
You need consume almost no food.


Message History

The jackal closely misses you. The jackal barely misses you. x2
The jackal completely misses you.
You see here a jackal corpse.
Natasha, Servant of Life and Death comes into view.
Found 10 gold pieces.
Natasha hisses angrily.
Natasha drinks a potion.
Natasha suddenly seems more agile.
Natasha barely misses you.
You barely miss Natasha. Natasha closely misses you.
You closely miss Natasha. The jackal completely misses you.
Natasha stares at you and mumbles some strange words.
You feel yourself slow down. The jackal completely misses you.
You barely miss Natasha. The jackal misses you. The jackal bites you.
The jackal completely misses you.
Natasha mumbles some strange words.
You feel troubled.
Natasha stares at you and mumbles some strange words.
The magic dart hits you!
Ouch! That really hurt!
You die...

### #.#########
#####..h......#
#...g..h@h.$..#
#.###.######### #.#
#... #h# ##### #g#
#†#########
#...........h....##
##........ g....(.
#....#### #.#.#.#


You could see Natasha, 2 jackals and a goblin.

Vanquished Creatures
  An ooze (D:1)
  2 dart slugs
  A ball python (D:1)
  4 bats (D:1)
  4 giant cockroaches (D:1)
  2 goblins (D:1)
  A hobgoblin (D:1)
  2 jackals (D:2)
  A frilled lizard (D:1)
  2 kobolds
  5 rats (D:1)
25 creatures vanquished.

Vanquished Creatures (collateral kills)
  A goblin (D:1)
1 creature vanquished.

Grand Total: 26 creatures vanquished

Notes
Turn   | Place    | Note
-------+----------+-------------------------------------------
     0 | D:1      | dittoslash the Spriggan Artificer began the quest for the Orb.
     0 | D:1      | Reached XP level 1. HP: 9/9 MP: 4/4
   161 | D:1      | Reached skill level 1 in Fighting
   242 | D:1      | Reached XP level 2. HP: 7/14 MP: 6/6
  1121 | D:1      | Reached skill level 5 in Evocations
  1278 | D:2      | Reached XP level 3. HP: 18/18 MP: 7/7
  1385 | D:2      | Noticed Natasha
  1393 | D:2      | Killed from afar by Natasha

Skill      XL: |  1  2  3 |
---------------+----------+-----
Fighting       | 1 |  1.0
Evocations     | 5 |  5.1
Stealth        | 2 |  2.0
Short Blades   | |  1.2
Dodging        | |  3.4

Action                   || total
-------------------------++-------
Melee: Short sword       ||    66
       Spear             ||    10
 Abil: Evoke Flight      ||     1
Evoke: Wand              ||    11
  Use: Scroll            ||     4
       Potion            ||     2
Armor: Robe              ||    17
       Skin              ||    85
Dodge: Dodged            ||   135
